AoeStats
← NDF

Arabia

503278741Analyzed
2v2 RM · 1mo ago on Aug 30, 2026· 48m 54s· 4 players
Game mode
Random Map
Map size
Medium (4 player)
Population
200
Speed
Normal
Resources
Standard
Victory
Conquest
Starting age
Dark Age
Ending age
Imperial Age
RankedLock teamsTeams togetherTeam positionsShared explorationLock speedFull tech treeHidden civsTurbo modeCheats
Victory
Defeat
🇨🇦 Hindustanis · Canada
855
+9
🇮🇳 Mongols · India
773
+13
🇦🇷 Teutons · Argentina
698
-11
🇦🇷 Spanish · Argentina
697
-11
nerinvergil
8:45 Loom
11:27 Feudal Age
12:14 Double-Bit Axe
13:26 Man-at-Arms
14:56 Scale Mail Armor
19:06 Fletching
24:15 Castle Age
22:34 Gold Mining
22:38 Stone Mining
23:25 Scale Barding Armor
23:12 Horse Collar
25:16 Thumb Ring
26:05 Bow Saw
26:51 Heavy Plow
28:52 Bloodlines
30:15 Husbandry
29:36 Light Cavalry
30:42 Fervor
31:55 Ballistics
34:24 Wheelbarrow
34:09 Bodkin Arrow
36:16 Chain Barding Armor
39:50 Imperial Age
37:44 Forging
37:35 Padded Archer Armor
40:09 Iron Casting
41:05 Conscription
41:11 Hand Cart
41:15 Caravan
42:09 Gold Shaft Mining
42:10 Stone Shaft Mining
42:46 Parthian Tactics
43:35 Bracer
43:50 Leather Archer Armor
43:55 Town Watch
45:14 Chemistry
44:25 Fortified Wall
44:12 Murder Holes
44:27 Masonry
44:33 Hussar
47:08 Blast Furnace
46:20 Elite Mangudai
Gore1021
0:30 Loom
13:37 Feudal Age
14:16 Double-Bit Axe
14:21 Man-at-Arms
21:09 Castle Age
19:18 Arson
19:52 Scale Mail Armor
20:03 Gold Mining
20:41 Forging
21:55 Squires
22:12 Chain Mail Armor
23:16 Fletching
23:52 Stone Mining
24:43 Bow Saw
24:48 Long Swordsman
29:27 Iron Casting
28:37 Horse Collar
30:10 Fervor
35:29 Imperial Age
33:57 Wheelbarrow
35:29 Hand Cart
35:41 Bodkin Arrow
36:13 Ballistics
37:39 Elite Ghulam
40:29 Blast Furnace
41:18 Gold Shaft Mining
40:47 Heavy Plow
42:05 Chemistry
42:49 Bracer
43:53 Siege Engineers
44:19 Conscription
45:42 Padded Archer Armor
45:47 Scale Barding Armor
45:52 Shatagni
NDF
3:37 Loom
14:01 Feudal Age
20:28 Castle Age
19:35 Bloodlines
20:18 Double-Bit Axe
20:18 Horse Collar
22:56 Gold Mining
23:19 Heavy Plow
29:42 Stone Mining
31:25 Town Watch
32:42 Scale Barding Armor
34:00 Stone Shaft Mining
34:26 Elite Skirmisher
38:16 Imperial Age
37:53 Bow Saw
39:22 Wheelbarrow
41:30 Hand Cart
40:46 Cavalier
42:08 Sappers
47:56 Town Patrol
48:48 Fletching
estebanpa
3:54 Loom
11:55 Feudal Age
13:34 Double-Bit Axe
13:32 Horse Collar
18:15 Castle Age
16:48 Scale Barding Armor
18:02 Scale Mail Armor
18:13 Forging
17:40 Man-at-Arms
18:54 Gambesons
19:10 Long Swordsman
22:47 Bow Saw
25:19 Gold Mining
25:34 Heavy Plow
32:11 Imperial Age
30:18 Wheelbarrow
29:29 Town Watch
36:35 Chain Mail Armor
36:56 Iron Casting
38:45 Plate Mail Armor
37:57 Two-Handed Swordsman
43:02 Two-Man Saw
41:59 Stone Mining
42:31 Elite Conquistador
44:22 Champion
48:53 Bloodlines
Connection lost

Rejoining the realm…

Still unreachable

The connection could not be restored.

Session expired

The server has moved on; the page needs a fresh start.